 Dungeon Crawl Stone Soup version 0.28.0-43-g3370ac3207 (webtiles) character file.

Game seed: 1280343513185404485

3379 Peloso the Carver (level 9, -2/78 HPs)
             Began as a Minotaur Fighter on Mar 23, 2022.
             Was a Priest of Okawaru.
             Slain by a boulder beetle (15 damage)
             ... on level 7 of the Dungeon.
             The game lasted 00:12:10 (9565 turns).

Peloso the Carver (Minotaur Fighter)                Turns: 9565, Time: 00:12:11

Health: -2/78      AC: 11    Str: 35    XL:     9   Next: 74%
Magic:  8/8        EV:  7    Int:  5    God:    Okawaru [***...]
Gold:   320        SH: 16    Dex: 12    Spells: 8/8 levels left

rFire   . . .      SeeInvis .   a - +0 long sword
rCold   . . .      Faith    .   c - +1 tower shield
rNeg    . . .      Spirit   .   B - +0 chain mail
rPois   .          Reflect  .   t - +0 hat
rElec   .          Harm     .   (no cloak)
rCorr   .          Rampage  .   (no gloves)
Will    .....                   (no boots)
Stlth   ..........              (no amulet)
HPRegen 0.23/turn               l - +6 ring of strength
MPRegen 0.11/turn               v - +6 ring of strength

@: no status effects
A: horns 2, retaliatory headbutt
a: Renounce Religion, Heroism


You were on level 7 of the Dungeon.
You worshipped Okawaru.
Okawaru was most pleased with you.
You visited 2 branches of the dungeon, and saw 9 of its levels.
You also visited: Ossuary.

You collected 320 gold pieces.

Inventory:

Hand Weapons
 a - a +0 long sword (weapon)
Armour
 b - a +0 scale mail
 c - a +1 tower shield (worn)
 t - a +0 hat (worn)
 B - a +0 chain mail (worn)
 G - +0 acid dragon scales
Jewellery
 l - a +6 ring of strength (left hand)
 u - an amulet of magic regeneration
 v - a +6 ring of strength (right hand)
 E - a ring of protection from cold
 F - a +6 ring of strength
 H - a ring of poison resistance
Wands
 e - a wand of iceblast (1)
 q - a wand of digging (6)
 C - a wand of polymorph (9)
Scrolls
 g - a scroll of immolation {unknown}
 h - 2 scrolls of noise {unknown}
 i - 5 scrolls of amnesia
 j - a scroll of fear {unknown}
 k - a scroll of blinking {unknown}
 m - 2 scrolls of teleportation {unknown}
 n - a scroll of magic mapping {unknown}
 p - 4 scrolls of vulnerability {unknown}
 r - 2 scrolls of identify
 y - 2 scrolls of enchant weapon {unknown}
 D - 4 scrolls of enchant armour
Potions
 d - 2 potions of might
 f - a potion of invisibility
 o - a potion of heal wounds
 s - a potion of magic
 w - 2 potions of curing
 x - a potion of cancellation
 z - 2 potions of haste
 A - a potion of mutation


   Skills:
 + Level 6.5 Fighting
 + Level 9.7 Long Blades
 + Level 9.3 Armour
 + Level 3.3 Dodging
 + Level 1.9 Stealth
 + Level 8.5 Shields
 + Level 0.4 Unarmed Combat
 + Level 0.5 Evocations


You had 8 spell levels left.
You didn't know any spells.
Your spell library contained the following spells:

 Spells                   Type           Power      Damage    Failure   Level
 Magic Dart               Conj           0%         1d3       100%        1
 Ignite Poison            Fire/Tmut/Pois 0%         N/A       100%        3
 Mephitic Cloud           Conj/Pois/Air  0%         N/A       100%        3
 Portal Projectile        Hex/Tloc       0%         N/A       100%        3
 Airstrike                Air            0%         N/A       100%        4
 Blade Hands              Tmut           0%         N/A       100%        5
 Excruciating Wounds      Necr           0%         N/A       100%        5
 Freezing Cloud           Conj/Ice/Air   0%         6-21      100%        5
 Lightning Bolt           Conj/Air       0%         1d11      100%        5
 Call Imp                 Summ           Unusable   N/A       N/A         2
 Summon Lightning Spire   Summ/Air       Unusable   N/A       N/A         4

Dungeon Overview and Level Annotations

Branches:
Dungeon (8/15)             Temple (1/1) D:5         Ossuary (visited)
   Lair: D:8-11

Altars:
Cheibriados
Dithmenos
Fedhas
Gozag
Hepliaklqana
Makhleb
Nemelex Xobeh
Okawaru
Qazlal
Sif Muna
Trog
Uskayaw
Vehumet
Wu Jian
Yredelemnul
Zin
The Shining One


Innate Abilities, Weirdness & Mutations

You have a pair of horns on your head.
You reflexively headbutt those who attack you in melee.


Message History

The boulder beetle is heavily wounded.
You block the boulder beetle's attack. The boulder beetle barely misses you.
You fail to use your ability.
You block the boulder beetle's attack.
You slash the boulder beetle!
You headbutt the boulder beetle, but do no damage.
The boulder beetle is heavily wounded.
You block the boulder beetle's attack.
You hit the boulder beetle but do no damage.
Your headbutt misses the boulder beetle.
The boulder beetle is heavily wounded.
You block the boulder beetle's attack.
You hit the boulder beetle but do no damage.
The boulder beetle is heavily wounded.
The boulder beetle bites you but does no damage.
You hit the boulder beetle but do no damage.
The boulder beetle is heavily wounded.
The boulder beetle barely misses you.
The boulder beetle leaps!
Aiming: Iceblast
Press: ? - help, Shift-Dir - straight line, f/p - boulder beetle
Aim: a boulder beetle (heavily wounded)
The mass of ice explodes!
The iceblast engulfs the boulder beetle but does no damage.
The boulder beetle is heavily wounded.
Aiming: Iceblast
Press: ? - help, Shift-Dir - straight line, f/p - boulder beetle
Aim: a boulder beetle (heavily wounded)
The mass of ice explodes!
The iceblast engulfs the boulder beetle but does no damage.
The boulder beetle is heavily wounded.
The boulder beetle curls into a ball and begins rolling!
You barely miss the boulder beetle. You headbutt the boulder beetle.
The boulder beetle is heavily wounded.
The boulder beetle hits you!
The boulder beetle stops rolling and uncurls.
You hit the boulder beetle.
The boulder beetle is heavily wounded.
The boulder beetle bites you!!
* * * LOW HITPOINT WARNING * * *
The boulder beetle bites you!
You die...

[.<......## ...##...#.#
##.####.### #....#....# D....
..#.....############# ....
..###...# #....()...# ...
...##...###....#....# ..
..........#..).#....# .
..#..####.#>...#@B..#
..#..##...#########[#############
......#.....##.#...○....8#.......
.....##.##..##.#...B.....#......c
.#.......#(....#.....B...#.......
####....#......#8........'.......
# #...##......##################
# ##...#...................# #..
#.......#................#####.


You could see a boulder beetle.

Vanquished Creatures
  A centaur warrior (D:7)
  Maggie (D:7)
  A tengu conjurer (D:7)
  A wraith (Ossuary)
  A steam dragon (D:7)
  2 water moccasins
  A sky beast (D:6)
  A necrophage (D:5)
  A black bear (D:8)
  2 ogres
  A bullfrog (D:7)
  A kobold brigand (D:6)
  4 killer bees (D:5)
  8 wights (D:7)
  A bullfrog zombie (D:7)
  3 centaur zombies
  2 orc priests
  2 hounds (D:6)
  A human zombie (Ossuary)
  A jelly (D:6)
  A centaur skeleton (D:7)
  An iguana (D:2)
  Ijyb (D:5)
  2 orc wizards
  A killer bee zombie (D:7)
  3 mummies (Ossuary)
  4 gnolls (D:5)
  2 howler monkey skeletons
  4 adders
  A white imp (D:5)
  An adder zombie (D:5)
  3 worms
  10 orcs
  5 ball pythons
  8 bats
  2 endoplasms
  4 giant cockroaches
  2 gnoll zombies (Ossuary)
  4 goblins
  8 hobgoblins
  8 jackals
  15 kobolds
  4 quokkas
  2 frilled lizards
  2 goblin zombies (Ossuary)
  4 hobgoblin zombies (Ossuary)
  2 kobold zombies (Ossuary)
  4 rats (D:3)
144 creatures vanquished.

Notes
Turn   | Place    | Note
-------+----------+-------------------------------------------
     0 | D:1      | Peloso the Minotaur Fighter began the quest for the Orb.
     0 | D:1      | Reached XP level 1. HP: 19/19 MP: 0/0
    64 | D:1      | Found a faded altar of an unknown god.
   229 | D:1      | Reached XP level 2. HP: 27/27 MP: 1/1
   804 | D:2      | Reached XP level 3. HP: 31/33 MP: 2/2
   982 | D:2      | Reached XP level 4. HP: 13/40 MP: 3/3
  1190 | D:2      | Noticed an ogre
  1360 | D:3      | Found a blossoming altar of Fedhas.
  1801 | D:4      | Found a shadowy altar of Dithmenos.
  1867 | D:4      | Noticed an ogre
  1881 | D:4      | Killed an ogre
  1882 | D:4      | Reached skill level 5 in Armour
  1882 | D:4      | Reached XP level 5. HP: 36/46 MP: 4/4
  2160 | D:4      | Reached skill level 1 in Dodging
  2374 | D:4      | Found a shimmering blue altar of Sif Muna.
  3024 | D:5      | Entered Level 5 of the Dungeon
  3128 | D:5      | Noticed a necrophage
  3146 | D:5      | Killed a necrophage
  3147 | D:5      | Reached XP level 6. HP: 39/53 MP: 5/5
  3172 | D:5      | Found a sand-covered staircase.
  3177 | Ossuary  | Entered an ossuary
  3177 | Ossuary  | Noticed a wraith
  3177 | Ossuary  | Noticed a wraith
  3177 | Ossuary  | Noticed a wraith
  3526 | Ossuary  | Noticed a wraith
  3530 | Ossuary  | Killed a wraith
  3531 | Ossuary  | Reached skill level 5 in Long Blades
  3671 | Ossuary  | Reached XP level 7. HP: 33/60 MP: 6/6
  4076 | D:5      | Reached skill level 5 in Fighting
  4079 | D:5      | Reached skill level 5 in Shields
  4488 | D:5      | Noticed Ijyb
  4540 | D:5      | Killed Ijyb
  5287 | D:5      | Found a snail-covered altar of Cheibriados.
  5435 | D:5      | Found a staircase to the Ecumenical Temple.
  5645 | D:5      | Reached skill level 1 in Stealth
  5996 | Temple   | Entered the Ecumenical Temple
  6020 | Temple   | Became a worshipper of Warmaster Okawaru
  6277 | D:2      | Reached XP level 8. HP: 55/69 MP: 7/7
  7764 | D:7      | Noticed Maggie
  7771 | D:7      | Killed Maggie
  7771 | D:7      | Reached * piety under Okawaru
  7992 | D:7      | Reached XP level 9. HP: 35/75 MP: 8/8
  8801 | D:7      | Found a burning altar of Makhleb.
  8882 | D:8      | Reached ** piety under Okawaru
  8990 | D:7      | Noticed a centaur warrior
  9336 | D:7      | Killed a centaur warrior
  9336 | D:7      | Reached *** piety under Okawaru
  9368 | D:7      | Noticed a tengu conjurer
  9483 | D:7      | Killed a tengu conjurer
  9541 | D:7      | Noticed a boulder beetle
  9565 | D:7      | Slain by a boulder beetle

Illustrated notes

Levels and vault maps discovered:
D:1:      amcnicky_arrival_underground_garden, layout_basic,
          hellmonk_ecumenical_altar_leap_of_faith
D:2:      layout_loops_ring, minmay_pentomino_v4
D:3:      layout_loops_ring, fedhas_altar_2
D:4:      layout_layer_cave, nicolae_dithmenos_through_a_glass_darkly,
          lemuel_doored_altar
D:5:      layout_layer_cave, cheibrodos_worm_habitat, lemuel_temple_firewalk_b,
          enter_ossuary_2, kennysheep_generic_room_13, uniq_ijyb
D:6:      layout_loops_cross
D:7:      minmay_klotski, layout_cave_pools, mainiacjoe_overflow_alcove_2,
          uniq_maggie
D:8:      layout_loops_ring, mainiacjoe_overflow_alcove_4, dpeg_lair_monsters
Temple:   pdpol_scorched_temple

Skill      XL: |  1  2  3  4  5  6  7  8  9 |
---------------+----------------------------+-----
Shields        | 4 5 7 8 |  8.5
Fighting       | 4 5 6 |  6.5
Armour         | 4 5 6 7 8 9 |  9.3
Long Blades    | 3 4 5 6 8 9 |  9.7
Dodging        | 1 2 3 |  3.3
Stealth        | 1 |  1.9
Unarmed Combat | |  0.4
Evocations     | |  0.5

Action                   |  1- 3 |  4- 6 |  7- 9 || total
-------------------------+-------+-------+-------++-------
Melee: Long sword        |    45 |   114 |   257 ||   416
       Headbutt          |     4 |    22 |    46 ||    72
       Unarmed           |       |       |    16 ||    16
Invok: Heroism           |       |       |     1 ||     1
Evoke: Wand              |       |       |     7 ||     7
  Use: Potion            |       |     1 |     3 ||     4
       Scroll            |       |       |    10 ||    10
Armor: Scale mail        |    18 |    35 |     7 ||    60
       Chain mail        |       |       |   166 ||   166
Dodge: Dodged            |    31 |    43 |   121 ||   195
Block: Buckler           |     8 |    25 |    15 ||    48
       Tower shield      |       |       |   221 ||   221
